 Dungeon Crawl Stone Soup version 0.31-a0-1172-g9944ec47dd (webtiles) character file.

Game seed: 12126349258764345200

301216 Flugkiller the Convoker (level 21, -17/165 HPs)
             Began as a Barachi Necromancer on Dec 10, 2023.
             Was a High Priest of Sif Muna.
             Shot with a bolt by a yaktaur captain (19 damage)
             ... on level 3 of the Vaults on Dec 11, 2023.
             The game lasted 01:46:47 (59340 turns).

Flugkiller the Convoker (Barachi Necromancer)      Turns: 59340, Time: 01:46:48

Health: -17/165    AC: 24    Str: 16    XL:     21   Next: 3%
Magic:  0/39       EV: 25    Int: 17    God:    Sif Muna [*****.]
Gold:   1114       SH: 16    Dex: 19    Spells: 11/48 levels left

rFire   . . .        N - +5 quick blade (chaos)
rCold   . . .        Z - +2 kite shield {AC+3}
rNeg    . . .        Y - +2 troll leather armour
rPois   +            k - +2 helmet
rElec   .            B - +2 cloak {rPois}
rCorr   .            s - +2 pair of gloves
SInv    .            Q - +2 pair of boots
Will    +....        G - amulet of guardian spirit
Stlth   ++           F - ring of Keublan {Drain AC+4 Str+5}
HPRegen 1.27/turn    v - +5 ring of evasion
MPRegen 0.26/turn

%: guardian spirit
@: about to teleport, marked, unable to hop, slow
A: amphibious, slowness 1, strong legs 2, +LOS, clumsy 1, MP-powered wands
}: 2/15 runes: serpentine, barnacled
a: Hop, Renounce Religion, Channel Magic, Forget Spell, Divine Exegesis


You were on level 3 of the Vaults.
You worshipped Sif Muna.
Sif Muna was extremely pleased with you.
You visited 6 branches of the dungeon, and saw 33 of its levels.
You visited the Abyss 1 time.
You also visited: Sewer and Bailey.

You collected 4719 gold pieces.
You spent 3605 gold pieces at shops.

Inventory:

Hand Weapons
 N - a +5 quick blade of chaos (weapon)
   (You acquired it on level 14 of the Dungeon)
Missiles
 u - 8 curare-tipped darts (quivered)
 V - 13 throwing nets
Armour
 k - a +2 helmet (worn)
   (You found it on level 2 of the Dungeon)
 s - a +2 pair of gloves (worn)
   (You found it on level 1 of the Shoals)
 B - a +2 cloak of poison resistance (worn)
   (You bought it in a shop on level 13 of the Dungeon)
 Q - a +2 pair of boots (worn)
   (You found it on level 5 of the Dungeon)
 Y - a +2 troll leather armour (worn)
   (You found it on level 10 of the Dungeon)
 Z - a +2 kite shield of protection (worn)
   (You found it on level 2 of the Snake Pit)
Magical Staves
 J - the staff "Becusitt" {rF+ rN+ Necro Tmut Fire Poison}
   (You found it in a bailey)

   [staff of fire]

   Base accuracy: +5 Base damage: 5 Base attack delay: 1.2 This weapon's minimum
   attack delay (0.6) is reached at skill level 12.
   rF+:       It protects you from fire.
   rN+:       It protects you from negative energy.
   Necro:     It increases the power of your Necromancy spells.
   Tmut:      It increases the power of your Transmutations spells.
   Fire:      It increases the power of your Fire spells.
   Poison:    It increases the power of your Poison spells.
   It falls into the 'Staves' category.
   It is a one-handed weapon.
Jewellery
 l - a +5 ring of evasion
   (You took it off a yaktaur on level 2 of the Vaults)
 m - a ring of willpower
   (You bought it in a shop on level 2 of the Shoals)
 p - a ring of protection from fire
   (You found it on level 3 of the Snake Pit)
 v - a +5 ring of evasion (right hand)
   (You found it on level 11 of the Dungeon)
 F - the ring of Keublan (left hand) {Drain AC+4 Str+5}
   (You found it on level 4 of the Shoals)

   [ring of protection]

   AC+4:      It affects your AC (+4).
   Str+5:     It affects your strength (+5).
   Drain:     It drains your maximum health when unequipped.
 G - an amulet of guardian spirit (around neck)
   (You found it on level 15 of the Dungeon)
 H - the ring of Gin Mehys {Ice rPois MP+9}
   (You found it on level 1 of the Vaults)

   [ring of ice]

   Ice:       It enhances your ice magic.
   rF-:       It makes you vulnerable to fire.
   rC+:       It protects you from cold.
   rPois:     It protects you from poison MP+9: It affects your magic capacity
   (+9).
 L - a +6 ring of strength
   (You found it on level 12 of the Dungeon)
 O - the ring "Eckink" {rElec rF+ Dex+3 SInv}
   (You took it off a wight on level 9 of the Dungeon)

   [ring of see invisible]

   Dex+3:     It affects your dexterity (+3).
   rF+:       It protects you from fire.
   rElec:     It insulates you from electricity.
   SInv:      It lets you see invisible.
Wands
 C - a wand of quicksilver (16)
   (You found it on level 5 of the Dungeon)
 I - a wand of paralysis (2)
   (You took it off Maggie on level 7 of the Dungeon)
 P - a wand of iceblast (5)
   (You found it on level 9 of the Dungeon)
 R - a wand of mindburst (21)
   (You found it on level 3 of the Dungeon)
 S - a wand of digging (8)
   (You found it on level 11 of the Dungeon)
Scrolls
 c - 5 scrolls of revelation
 f - 2 scrolls of poison
 g - 4 scrolls of torment
 j - 5 scrolls of immolation
 r - 9 scrolls of identify
 z - 3 scrolls of blinking
 D - 2 scrolls of brand weapon
 E - 9 scrolls of vulnerability
 K - a scroll of fog
 T - a scroll of silence
Potions
 a - 2 potions of lignification
 b - 8 potions of enlightenment
 d - 4 potions of might
 e - a potion of ambrosia
 n - 3 potions of resistance
 o - 6 potions of invisibility
 q - 2 potions of curing
 w - 4 potions of heal wounds
 x - 5 potions of attraction
 y - 2 potions of magic
 A - 7 potions of brilliance
 M - 3 potions of berserk rage
 X - 4 potions of cancellation
Miscellaneous
 i - a tin of tremorstones (1/2)
   (You found it on level 3 of the Snake Pit)
 U - a phial of floods
   (You bought it in a shop on level 2 of the Shoals)


   Skills:
 - Level 14.0 Fighting
 - Level 14.0 Short Blades
 - Level 14.0 Dodging
 - Level 2.0 Stealth
 - Level 14.0 Shields
 + Level 14.4 Spellcasting
 - Level 9.7 Conjurations
 - Level 17.0 Summonings
 + Level 12.7 Necromancy
 - Level 8.0 Ice Magic
 - Level 10.0 Earth Magic
 - Level 6.0 Invocations
 - Level 6.0 Evocations


You had 11 spell levels left.
You knew the following spells:

 Your Spells              Type           Power      Damage    Failure   Level
b - Vampiric Draining     Necr           53%        2d9       1%          3
c - Animate Dead          Necr           53%        N/A       1%          4
d - Borgnjor's Vile Clut  Necr/Erth      25%        N/A       3%          5
e - Ozocubu's Armour      Ice            39%        N/A       1%          3
f - Leda's Liquefaction   Hex/Erth       14%        N/A       16%         4
g - Agony                 Necr           53%        N/A       1%          5
h - Death Channel         Necr           26%        N/A       10%         6
i - Monstrous Menagerie   Summ           31%        N/A       10%         7

Your spell library contained the following spells:

 Spells                   Type           Power      Damage    Failure   Level
 Summon Small Mammal      Summ           100%       N/A       0%          1
 Call Imp                 Summ           100%       N/A       0%          2
 Foxfire                  Conj/Fire      100%       2x1d9     1%          1
 Freeze                   Ice            100%       1d10      1%          1
 Kiss of Death            Conj/Necr      100%       2d13      1%          1
 Magic Dart               Conj           100%       1d8       1%          1
 Necrotise                Necr           100%       1d9       1%          1
 Sandblast                Erth           92%        2d19      1%          1
 Shock                    Conj/Air       100%       1d9       1%          1
 Searing Ray              Conj           90%        2d7       1%          2
 Sublimation of Blood     Necr           53%        N/A       1%          2
 Call Canine Familiar     Summ           63%        N/A       1%          3
 Frozen Ramparts          Ice            78%        1d12      1%          3
 Hailstorm                Conj/Ice       42%        3d9       1%          3
 Stone Arrow              Conj/Erth      90%        3d12      1%          3
 Summon Guardian Golem    Hex/Summ       41%        N/A       1%          3
 Animate Armour           Summ/Erth      100%       N/A       1%          4
 Brom's Barrelling Bould  Conj/Erth      45%        2d6       1%          4
 Dispel Undead            Necr           53%        3d19      1%          4
 Summon Ice Beast         Ice/Summ       53%        N/A       1%          4
 Momentum Strike          Conj/Tloc      56%        3d9       2%          2
 Passwall                 Tmut/Erth      24%        N/A       2%          2
 Static Discharge         Conj/Air       56%        3-6/arc   2%          2
 Cigotuvi's Dreadful Rot  Necr/Pois/Air  52%        N/A       3%          2
 Ensorcelled Hibernation  Hex/Ice        50%        N/A       3%          2
 Summon Lightning Spire   Summ/Air       41%        N/A       3%          4
 Dazzling Flash           Conj/Hex       56%        N/A       4%          3
 Lee's Rapid Deconstruct  Erth           23%        3d13*     5%          5
 Iskenderun's Battlesphe  Conj           45%        2d10      6%          5
 Anguish                  Hex/Necr       16%        N/A       9%          4
 Mephitic Cloud           Conj/Pois/Air  23%        N/A       10%         3
 Summon Mana Viper        Hex/Summ       41%        N/A       10%         5
 Summon Hydra             Summ           31%        N/A       10%         7
 Slow                     Hex            48%        N/A       12%         1
 Sting                    Tmut/Pois      48%        1d5       12%         1
 Flame Wave               Conj/Fire      28%        2d9       16%         4
 Fulminant Prism          Conj/Hex       14%        3d9       16%         4
 Iskenderun's Mystic Bla  Conj/Tloc      28%        2d7       16%         4
 Petrify                  Tmut/Erth      29%        N/A       16%         4
 Sticky Flame             Conj/Fire      28%        2d5       16%         4
 Jinxbite                 Hex            24%        N/A       19%         2
 Poisonous Vapours        Pois/Air       24%        N/A       19%         2
 Wereblood                Tmut           12%        N/A       19%         2
 Haunt                    Necr/Summ      29%        N/A       22%         7
 Simulacrum               Ice/Necr       23%        N/A       26%         6
 Freezing Cloud           Conj/Ice/Air   16%        6-21      28%         5
 Bombard                  Conj/Erth      22%        9d4       32%         6
 Confusing Touch          Hex            12%        N/A       34%         3
 Ignite Poison            Fire/Tmut/Pois 12%        N/A       34%         3
 Inner Flame              Hex/Fire       12%        N/A       34%         3
 Sigil of Binding         Hex            12%        N/A       34%         3
 Swiftness                Air            12%        N/A       34%         3
 Teleport Other           Tloc           12%        N/A       34%         3
 Volatile Blastmotes      Fire/Tloc      24%        2d12      34%         3
 Spellforged Servitor     Conj/Summ      27%        N/A       38%         7
 Arcjolt                  Conj/Air       14%        1d24      41%         5
 Fireball                 Conj/Fire      14%        3d8       41%         5
 Irradiate                Conj/Tmut      14%        3d16      41%         5
 Metabolic Englaciation   Hex/Ice        12%        N/A       54%         5
 Summon Horrible Things   Summ           31%        N/A       58%         8
 Airstrike                Air            6%         2d(1-17)  75%         4
 Cause Fear               Hex            6%         N/A       75%         4
 Dimensional Bullseye     Hex/Tloc       6%         N/A       75%         4
 Manifold Assault         Tloc           12%        N/A       75%         4
 Olgreb's Toxic Radiance  Pois           12%        N/A       75%         4
 Passage of Golubria      Tloc           12%        N/A       75%         4
 Vhi's Electric Charge    Tloc/Air       24%        N/A       75%         4
 Orb of Destruction       Conj           22%        9d8       88%         7
 Conjure Ball Lightning   Conj/Air       14%        3x3d6     94%         6
 Starburst                Conj/Fire      14%        6d6       94%         6
 Alistair's Intoxication  Tmut/Pois      8%         N/A       97%         5
 Silence                  Hex/Air        6%         N/A       97%         5
 Malign Gateway           Summ/Tloc      20%        N/A       97%         7
 Ozocubu's Refrigeration  Ice            19%        4d11      98%         7
 Infestation              Necr           26%        N/A       99%         8
 Dispersal                Tloc           6%         N/A       100%        6
 Eringya's Noxious Bog    Tmut/Pois      6%         4d6       100%        6
 Plasma Beam              Fire/Air       6%         2x1d16    100%        6
 Enfeeble                 Hex            6%         N/A       100%        7
 Discord                  Hex            6%         N/A       100%        8
 Disjunction              Tloc           6%         N/A       100%        8
 Ignition                 Fire           6%         3d4       100%        8
 Lehudib's Crystal Spear  Conj/Erth      22%        10d6      100%        8
 Maxwell's Capacitive Co  Air            6%         ∞         100%        8
 Death's Door             Necr           26%        N/A       100%        9
 Dragon's Call            Summ           31%        N/A       100%        9
 Fire Storm               Conj/Fire      14%        8d4       100%        9
 Polar Vortex             Ice            19%        12d2*     100%        9


Dungeon Overview and Level Annotations

Branches:
Dungeon (15/15) Zot: 21805  Temple (0/1) D:4            Lair (5/5) D:8 Zot: 21653
 Shoals (4/4) Lair:3 Zot: 16105   Snake (4/4) Lair:3 Zot: 14887   Slime (0/5) Lair:5
    Orc (2/2) D:11 Zot: 9868     Elf (0/3) Orc:2        Vaults (3/5) D:13 Zot: 12381
  Crypt (0/3) Vaults:2     Depths (0/4) D:15          Sewer (visited)
 Bailey (visited)

Altars:
Cheibriados
Fedhas
Kikubaaqudgha
Okawaru
Qazlal
Ru
Sif Muna
Uskayaw
Xom
Yredelemnul
Zin

Shops:
D:4 :   D:13 [   Orc:2 [=![   Shoals:2 *(**[   Shoals:3 *   Snake:1 ::=
Vaults:2 ?

Annotations:
D:15 1 runed translucent door, Pionit's ghost, journeyman GrEE
Lair:4 Kely's ghost, journeyman OpSh
Snake:1 exclusions: 2 naga sharpshooters and 2 more exclusions
Snake:4 6 transporters


Innate Abilities, Weirdness & Mutations

You are amphibious.
You cover ground slowly.
You can hop long distances.
You have an extended range of vision and can be seen from far away.
You are clumsy. (Dex -2)
You expend magic power (3 MP) to strengthen your wands.


Message History

The deep troll is heavily wounded.
Unknown command.
You hit the ironbound preserver but do no damage.
The ironbound preserver seems to speed up.
You hit the ironbound preserver.
The your quick blade of chaos misses the ironbound preserver.
The ironbound preserver is moderately wounded.
You block the two-headed ogre's attack.
The two-headed ogre completely misses you.
Unknown command.
You hit the ironbound preserver. You burn the ironbound preserver.
You hit the ironbound preserver. You burn the ironbound preserver.
The ironbound preserver is moderately wounded.
Unknown command.
You hit the ironbound preserver but do no damage. x2
The ironbound preserver suddenly stops moving!
The ironbound preserver is moderately wounded.
Unknown command.
You closely miss the two-headed ogre. You hit the two-headed ogre.
The two-headed ogre appears confused.
The two-headed ogre is heavily wounded.
The ironbound preserver is no longer paralysed.
The ironbound preserver closely misses you.
You hear a shout!
The two-headed ogre completely misses you. x2
You hear a shout! x2
You catch the helpless two-headed ogre completely off-guard!
You impale the two-headed ogre!! You hit the two-headed ogre.
The your quick blade of chaos hits the two-headed ogre.
The two-headed ogre is caught in a web!
The two-headed ogre is almost dead. x2
You hear a shout!
You block the ironbound preserver's attack.
You hear a shout! x2; You hear a roar!
You hear a shout!
Unknown command.
You hit the ironbound preserver but do no damage.
You drain the ironbound preserver. You hit the ironbound preserver.
You burn the ironbound preserver.
The ironbound preserver is moderately wounded.
You hear a shout!
A yaktaur comes into view.
An ironbound thunderhulk comes into view.
It is wielding a +0 dire flail.
The ironbound preserver barely misses you.
A deep troll comes into view.
You hit the ironbound preserver.
The ironbound preserver is poisoned.
You completely miss the ironbound preserver.
The ironbound preserver is moderately wounded.
The two-headed ogre struggles to get unstuck from the web.
The ironbound preserver hits you with a +0 great mace!!
Unknown command.
You hit the ironbound preserver. You burn the ironbound preserver.
You barely miss the ironbound preserver.
The ironbound preserver is moderately wounded.
The two-headed ogre seems less confused.
The two-headed ogre struggles to get unstuck from the web.
Unknown command.
Hop to where?
Press: ? - help, Dir - move target A yaktaur captain, 2 yaktaurs and a vault sentinel come into view.
Boing!
A peacekeeper comes into view.
The vault sentinel blows a loud note on a signal horn!
A yaktaur comes into view.
The yaktaur wields a +0 arbalest.
The yaktaur shoots a bolt.
You block the bolt.
The two-headed ogre tears the web.
You hear a shout! x2
Unknown command.
Unknown command.
As you read the scroll of teleportation, it crumbles to dust.
You feel strangely unstable.
The ironbound preserver gestures wildly while chanting.
The ironbound preserver begins to accept its allies' injuries.
An ironbound thunderhulk comes into view.
It is wielding a +0 dire flail.
The yaktaur captain wields a +0 arbalest.
The yaktaur captain shoots a bolt.
You block the bolt.
The yaktaur shoots a bolt.
You block the bolt.
The yaktaur wields a +0 arbalest.
The yaktaur shoots a bolt.
You block the bolt.
The vault sentinel blows a loud note on a signal horn!
The yaktaur shoots a bolt.
You block the bolt.
The yaktaur captain shoots a bolt.
The bolt completely misses you.
Unknown command.
A vault warden comes into view. It is wielding a +0 great sword.
The ironbound preserver attacks as it pursues you!
You block the ironbound preserver's attack.
The yaktaur captain shoots a bolt.
The bolt hits you!!
* * * LOW HITPOINT WARNING * * *
The ironbound preserver hits you with a +0 great mace!
* * * LOW HITPOINT WARNING * * *
The vault warden moves out of view.
The ironbound preserver attacks as it pursues you!
The ironbound preserver misses you.
Electricity crackles from the ironbound thunderhulk's apparatus.
The bolt of lightning hits you!!!
* * * LOW HITPOINT WARNING * * *
A yaktaur comes into view.
A yaktaur comes into view.
The yaktaur shoots a bolt.
The bolt hits you but does no damage.
The yaktaur captain shoots a bolt.
The bolt hits you!!
You die...

#OT............
#O#############
#O# #{# #.# #T#
#.# #.#####
#.T.p@# #.....#
#.....#
cpc.....#
c.9......#
.....p..c..#
..........Oc#
............Y
..............


You could see a dire elephant, an ironbound preserver (fast, poisoned, drained),
a vault warden, an ironbound thunderhulk, a yaktaur captain (sheltered), a deep
troll (strong, resistant, sheltered, poisoned), a vault sentinel (catching
breath), a peacekeeper and 4 yaktaurs.

Vanquished Creatures
  A bone dragon (Abyss:3)
  Rupert (Lair:5)
  A kraken (Shoals:3)
  A quicksilver dragon (Vaults:2)
  Polyphemus (Shoals:1)
  3 sphinxes
  Frances (D:14)
  Kirke (D:14)
  2 nagarajas
  Ilsuiw (Shoals:2)
  A cacodemon (Abyss:2)
  4 vault wardens
  An orc warlord (Vaults:2)
  Louise (Snake:4)
  5 ironbound preservers
  A formless jellyfish (Vaults:1)
  A war gargoyle (Vaults:2)
  Nessos (D:14)
  3 ironbound thunderhulks
  6 dire elephants
  A minotaur (Shoals:4)
  A spark wasp (Vaults:2)
  A wendigo (Snake:2)
  2 merfolk javelineers
  An ettin (D:12)
  A fire dragon (Vaults:1)
  5 yaktaur captains
  2 rakshasas
  Fannar (Orc:1)
  14 centaur warriors
  Erolcha (D:9)
  A catoblepas (Shoals:1)
  2 great orbs of eyes
  7 anacondas
  3 ogre magi
  A peacekeeper (Vaults:2)
  4 merfolk avatars
  5 alligator snapping turtles
  5 hydras
  5 vault guards (D:13)
  4 ironbound frosthearts
  A dancing weapon (Abyss:3)
  A two-headed ogre (shapeshifter) (D:12)
  3 boulder beetles
  2 death yaks (Shoals:1)
  13 naga warriors
  A deep troll earth mage (Vaults:2)
  14 two-headed ogres
  9 satyrs (Shoals:4)
  A tengu warrior (D:12)
  3 hell hogs (Abyss:2)
  8 naga sharpshooters
  A thrashing horror (Abyss:3)
  7 shock serpents
  12 spriggans (Lair:5)
  2 deep elf knights (D:13)
  Nergalle (D:10)
  5 skysharks
  A wretched star (Abyss:2)
  A shadow wraith (Abyss:2)
  Lodul (D:10)
  4 salamander mystics
  2 sixfirhies (Abyss:2)
  13 deep trolls
  4 glowing orange brains
  3 naga ritualists
  A deep troll (shapeshifter) (D:12)
  11 sea snakes
  A swamp dragon (Shoals:2)
  3 arcanists
  Pikel (D:7)
  5 harpies
  5 ironbound convokers
  3 large abominations (Abyss:2)
  7 orc knights
  A deep elf archer (D:13)
  A harpy (shapeshifter) (D:12)
  A necromancer (D:15)
  6 lindwurms
  A deep elf zephyrmancer (D:15)
  5 deep elf pyromancers
  7 mana vipers
  32 ugly things
  3 orc sorcerers
  13 salamanders
  16 manticores
  8 fauns
  A moth of wrath (Snake:1)
  4 cyclopes
  6 elephants
  3 vault sentinels
  2 guardian serpents (Snake:2)
  2 kobold blastminers
  28 black mambas
  Joseph (D:7)
  A centaur zombie (D:15)
  6 merfolk sirens
  3 water nymphs
  10 cane toads
  8 naga magi
  An unseen horror (Abyss:3)
  2 gargoyles (D:13)
  Maggie (D:7)
  2 centaur skeletons (D:15)
  2 orange demons (Abyss:3)
  Jeremiah (D:6)
  An unseen horror (shapeshifter) (D:12)
  2 efreet
  5 komodo dragons
  A kobold demonologist (D:11)
  18 nameless horrors
  5 rime drakes
  22 yaktaurs
  An ancient zyme (Abyss:3)
  A freezing wraith (D:13)
  6 polar bears
  2 tengu conjurers
  23 merfolk
  12 trolls
  4 wind drakes
  7 hornets
  4 snapping turtles (Shoals:4)
  7 dream sheep
  5 blink frogs (Lair:1)
  A ynoxinul (Abyss:2)
  A spriggan (shapeshifter) (D:12)
  A vampire (D:12)
  41 slime creatures
  A centaur simulacrum (D:15)
  11 wyverns
  2 wraiths
  A shadow (D:13)
  Sigmund (D:5)
  A small abomination (Abyss:2)
  Eustachio (D:4)
  5 water elementals
  50 yaks
  4 hogs (D:14)
  A hog (shapeshifter) (D:15)
  A basilisk (Lair:3)
  A neqoxec (D:12)
  2 steam dragons
  Menkaure (D:5)
  9 vampire mosquitoes
  40 nagas
  3 wargs
  17 water moccasins
  2 acid dragons
  16 orc warriors
  A sky beast (D:8)
  10 ice beasts
  6 black bears
  26 wolves
  4 boggarts (Lair:5)
  33 ogres
  13 centaurs
  A phantom (D:4)
  Blork the orc (D:4)
  6 kobold brigands
  2 gnoll sergeants
  10 bullfrogs
  5 scorpions
  4 wights (D:9)
  22 killer bees
  5 howler monkeys
  An electric eel (Snake:1)
  4 hounds
  2 jellies
  6 orc priests
  An iron imp (Abyss:2)
  A sleepcap (D:6)
  6 iguanas
  15 orc wizards
  11 adders
  11 gnolls
  10 river rats (Sewer)
  A white imp (D:5)
  3 ufetubi
  2 worms
  4 dart slugs
  71 orcs
  12 ball pythons
  6 endoplasms
  A giant cockroach (D:1)
  11 goblins
  5 hobgoblins
  23 kobolds
  5 quokkas
  9 bats
  7 frilled lizards
  20 rats
  2 tentacles
1171 creatures vanquished.

Vanquished Creatures (collateral kills)
  2 sphinxes
  A kraken (Shoals:2)
  2 nagarajas (Snake:4)
  Aizul (Snake:4)
  2 vault wardens (Vaults:2)
  A deep elf elementalist (Abyss:2)
  A cacodemon (D:12)
  3 ironbound preservers
  2 ironbound thunderhulks (Vaults:1)
  6 dire elephants
  The ghost of Cooqonn the Thaumaturge, a journeyman DsVM of Kikubaaqudgha (D:12)
  2 merfolk impalers
  4 yaktaur captains
  2 vault guards (Vaults:2)
  2 great orbs of eyes
  2 salamander tyrants (Snake:4)
  An alligator (Shoals:3)
  A merfolk avatar (Shoals:1)
  2 ironbound frosthearts
  An anaconda (Snake:4)
  3 centaur warriors
  A naga warrior (Snake:3)
  An alligator snapping turtle (Shoals:3)
  4 merfolk aquamancers
  A shock serpent (Snake:3)
  5 naga sharpshooters (Snake:4)
  2 salamander mystics (Snake:4)
  3 deep trolls
  An iron troll (Vaults:2)
  An orb spider (Vaults:2)
  3 sea snakes
  3 ironbound convokers
  2 naga ritualists (Snake:4)
  A lindwurm (Vaults:2)
  3 harpies
  An orc knight (Vaults:2)
  3 ugly things
  6 manticores
  3 salamanders
  8 fauns
  A moth of wrath (shapeshifter) (D:12)
  3 merfolk sirens
  6 black mambas
  A large abomination (Abyss:3)
  4 vault sentinels
  4 naga magi
  A guardian serpent (Vaults:3)
  2 water nymphs
  9 yaktaurs
  2 ancient zymes (Abyss:2)
  A meliai (Vaults:1)
  8 merfolk
  A wind drake (Shoals:4)
  A raiju (shapeshifter) (D:12)
  3 snapping turtles
  3 slime creatures
  A small abomination (Abyss:2)
  8 water elementals
  2 neqoxecs (D:12)
  2 chaos spawn (Abyss:3)
  11 nagas
  An orc warrior (Bailey)
  2 nameless horrors
  A crocodile (Snake:1)
  5 starcursed masses (Abyss:2)
  An orc wizard (D:5)
  3 orcs
  A quokka (D:2)
  A rat (Sewer)
  5 tentacles
188 creatures vanquished.

Vanquished Creatures (others)
  Vashnia (Snake:4)
  A dire elephant (Vaults:2)
  A satyr (Shoals:4)
  An occultist (D:15)
  A deep troll (Vaults:3)
  A faun (Shoals:4)
  A naga mage (Snake:3)
  A yaktaur (Vaults:2)
  3 humans (D:14)
  A naga (Snake:3)
  An orc (Orc:1)
  2 starspawn tentacles (Abyss:2)
  16 tentacles
31 creatures vanquished.

Grand Total: 1390 creatures vanquished

Notes
Turn   | Place    | Note
-------+----------+-------------------------------------------
     0 | D:1      | Flugkiller the Barachi Necromancer began the quest for the
                  | Orb.
     0 | D:1      | Reached XP level 1. HP: 13/13 MP: 3/3
    33 | D:1      | Reached skill level 1 in Fighting
    33 | D:1      | Found a faded altar of an unknown god.
    53 | D:1      | Reached XP level 2. HP: 4/21 MP: 1/5
   576 | D:1      | Reached XP level 3. HP: 14/27 MP: 0/6
   892 | D:1      | Prayed at the altar of an unknown god.
   892 | D:1      | Became a worshipper of Sif Muna the Loreminder
   892 | D:1      | Reached * piety under Sif Muna
  1455 | D:2      | Found a blossoming altar of Fedhas.
  1686 | D:2      | Reached XP level 4. HP: 33/33 MP: 1/7
  2072 | D:3      | Reached skill level 5 in Necromancy
  2083 | D:2      | Learned a level 3 spell: Vampiric Draining
  2118 | D:3      | Reached ** piety under Sif Muna
  2478 | D:3      | Reached XP level 5. HP: 37/38 MP: 1/8
  2733 | D:3      | Found a sacrificial altar of Ru.
  3074 | D:4      | Noticed a phantom
  3098 | D:4      | Found Qeugurag's Book Boutique.
  3235 | D:4      | Noticed a kobold brigand
  3293 | D:4      | Reached XP level 6. HP: 43/44 MP: 4/10
  3478 | D:4      | Noticed Eustachio
  3557 | D:4      | Killed Eustachio
  3558 | D:4      | Reached XP level 7. HP: 49/50 MP: 2/11
  3695 | D:4      | Found a staircase to the Ecumenical Temple.
  3834 | D:4      | Noticed Blork the orc
  3841 | D:4      | Killed Blork the orc
  4364 | D:4      | Learned a level 4 spell: Animate Dead
  4580 | D:5      | Entered Level 5 of the Dungeon
  4592 | D:5      | Noticed Sigmund
  4598 | D:5      | Killed Sigmund
  4620 | D:5      | Reached skill level 1 in Short Blades
  4622 | D:5      | Found a glowing drain.
  4627 | Sewer    | Entered a sewer
  4660 | Sewer    | Reached XP level 8. HP: 60/60 MP: 12/12
  4702 | Sewer    | Reached *** piety under Sif Muna
  5296 | D:5      | Noticed Menkaure
  5318 | D:5      | Killed Menkaure
  5335 | D:5      | Identified a scroll of acquirement
  5353 | D:5      | Reached skill level 5 in Fighting
  5358 | D:5      | Reached skill level 5 in Dodging
  5470 | D:5      | Reached **** piety under Sif Muna
  5656 | D:5      | Reached XP level 9. HP: 59/69 MP: 9/14
  5810 | D:5      | Found a glowing silver altar of Zin.
  5813 | D:5      | Found a snail-covered altar of Cheibriados.
  7200 | D:6      | Noticed Jeremiah
  7333 | D:6      | Killed Jeremiah
  8208 | D:7      | Noticed Joseph
  8261 | D:7      | Killed Joseph
  8262 | D:7      | Reached skill level 10 in Necromancy
  8262 | D:7      | Reached skill level 1 in Earth Magic
  8262 | D:7      | Reached XP level 10. HP: 20/76 MP: 1/16
  8490 | D:7      | Noticed Maggie
  8524 | D:7      | Killed Maggie
  8718 | D:7      | Noticed Pikel
  8730 | D:7      | Killed Pikel
  8757 | D:7      | Reached skill level 5 in Earth Magic
  9148 | D:8      | Found a flagged portal.
  9159 | Bailey   | Entered a bailey
  9239 | Bailey   | Noticed an orc knight
  9257 | Bailey   | Killed an orc knight
  9262 | Bailey   | Noticed an orc knight
  9371 | Bailey   | Identified the +1 plate armour "Weleli" {rPois}
  9378 | Bailey   | Killed an orc knight
  9409 | Bailey   | Identified the staff "Becusitt" {rF+ rN+ Necro Tmut Fire
                  | Poison}
  9511 | Bailey   | Acquired 1062 gold pieces
  9602 | D:8      | Reached XP level 11. HP: 50/81 MP: 7/17
  9848 | D:4      | Bought the Atlas of Arenous Darkness for 572 gold pieces
  9854 | D:4      | Learned a level 5 spell: Borgnjor's Vile Clutch
 10179 | D:7      | Reached ***** piety under Sif Muna
 10257 | D:8      | Found a staircase to the Lair.
 10715 | D:8      | Found a stormy altar of Qazlal.
 10882 | D:9      | Noticed a two-headed ogre
 10897 | D:9      | Killed a two-headed ogre
 10898 | D:9      | Reached skill level 10 in Earth Magic
 11077 | D:9      | Received a gift from Sif Muna
 11091 | D:9      | Got Lowarecs's Compilation of Places and Battle Magic {god
                  | gift}
 11248 | D:9      | Noticed a two-headed ogre
 11384 | D:9      | Noticed a white ugly thing
 11540 | D:9      | Noticed a brown ugly thing
 11799 | D:9      | Killed a cyan ugly thing
 12067 | D:9      | Noticed Erolcha
 12079 | D:9      | Killed Erolcha
 12126 | D:9      | Killed a cyan ugly thing
 12356 | D:9      | Reached skill level 5 in Spellcasting
 12421 | D:9      | Got Vv's Elucidation of Crystallized Hyperthermia
 12490 | D:9      | Identified the ring "Eckink" {rElec rF+ Dex+3 SInv}
 12885 | D:9      | Reached skill level 10 in Dodging
 13282 | D:9      | Reached XP level 12. HP: 68/88 MP: 19/19
 13453 | D:9      | Killed a two-headed ogre
 13567 | D:10     | Entered Level 10 of the Dungeon
 13844 | D:10     | Noticed Nergalle
 13852 | D:10     | Killed Nergalle
 13853 | D:10     | Reached skill level 5 in Evocations
 14089 | D:10     | Noticed Lodul
 14187 | D:10     | Reached skill level 1 in Summonings
 14192 | D:10     | Killed Lodul
 14193 | D:10     | Reached skill level 1 in Conjurations
 14671 | D:10     | Reached skill level 2 in Summonings
 15049 | D:10     | Found a shimmering altar of Xom.
 15049 | D:10     | Found a hide-covered altar of Uskayaw.
 15455 | D:11     | Noticed a two-headed ogre
 15470 | D:10     | Reached skill level 5 in Short Blades
 15726 | D:11     | Found a staircase to the Orcish Mines.
 15792 | D:10     | Reached skill level 3 in Summonings
 15890 | D:11     | Killed a two-headed ogre
 16086 | D:11     | You fall into a shaft and drop 3 floors!
 16093 | D:14     | Acquired a +3 quick blade of venom
 16113 | D:14     | Noticed Kirke
 16152 | D:14     | Killed Kirke
 16383 | D:13     | Noticed a tengu warrior
 16399 | D:13     | Noticed a centaur warrior
 16402 | D:13     | Noticed a centaur warrior
 16580 | D:12     | Gained mutation: You can hop long distances. [Barachi
                  | growth]
 16580 | D:12     | Reached XP level 13. HP: 49/98 MP: 18/22
 17032 | D:12     | Received a gift from Sif Muna
 17044 | D:12     | Got Sif Muna's Secrets of the Icicle {god gift}
 17049 | D:12     | Learned a level 3 spell: Ozocubu's Armour
 17922 | Lair:1   | Entered Level 1 of the Lair of Beasts
 18082 | Lair:1   | Reached skill level 10 in Short Blades
 19010 | Lair:2   | Reached skill level 5 in Ice Magic
 19187 | Lair:2   | Reached skill level 1 in Invocations
 19965 | Lair:2   | Acquired the Catalogue of the Lettuce
 19972 | Lair:2   | Learned a level 4 spell: Leda's Liquefaction
 20342 | Lair:3   | Found a staircase to the Shoals.
 20742 | Lair:3   | Reached XP level 14. HP: 93/105 MP: 16/23
 20823 | Lair:3   | Reached skill level 4 in Summonings
 20829 | Lair:3   | Found a staircase to the Snake Pit.
 21238 | Lair:4   | Received a gift from Sif Muna
 21252 | Lair:4   | Got Sif Muna's Omnibus of Assembling {god gift}
 21379 | Lair:4   | Found a runed translucent gate.
 21380 | Lair:4   | Found a runed translucent gate.
 21381 | Lair:4   | Found a runed translucent gate.
 21387 | Lair:4   | Noticed Kely's ghost (journeyman OpSh)
 21967 | Lair:4   | Reached skill level 5 in Summonings
 22605 | Lair:5   | Entered Level 5 of the Lair of Beasts
 22974 | Lair:5   | Reached skill level 5 in Conjurations
 23252 | Lair:5   | Noticed Rupert
 23273 | Lair:5   | Paralysed by Rupert for 4 turns
 23278 | Lair:5   | Killed Rupert
 23279 | Lair:5   | Reached skill level 6 in Summonings
 23281 | Lair:5   | Gained mutation: You occasionally lose the ability to drink
                  | potions when taking damage. [potion of mutation]
 23281 | Lair:5   | Gained mutation: You are partially covered in iridescent
                  | scales. (AC +2) [potion of mutation]
 23281 | Lair:5   | Gained mutation: You occasionally lose the ability to read
                  | scrolls when taking damage. [potion of mutation]
 23282 | Lair:5   | Lost mutation: You occasionally lose the ability to drink
                  | potions when taking damage. [potion of mutation]
 23282 | Lair:5   | Lost mutation: You occasionally lose the ability to read
                  | scrolls when taking damage. [potion of mutation]
 23282 | Lair:5   | Gained mutation: You occasionally shout uncontrollably at
                  | your foes. [potion of mutation]
 23950 | Lair:5   | Received a gift from Sif Muna
 23953 | Lair:5   | Got Sif Muna's Papyrus of Generative Interference {god
                  | gift}
 24279 | Lair:5   | Found a staircase to the Slime Pits.
 24586 | D:11     | Learned a level 5 spell: Agony
 24617 | D:12     | Found a runed translucent gate.
 24617 | D:12     | Found a runed translucent gate.
 24617 | D:12     | Found a runed translucent gate.
 24686 | D:12     | Reached skill level 10 in Fighting
 24686 | D:12     | Reached skill level 7 in Summonings
 24699 | D:12     | Reached XP level 15. HP: 92/115 MP: 11/26
 25881 | D:13     | Found Vutal's Armour Emporium.
 25890 | D:13     | Bought a +2 cloak of poison resistance for 314 gold pieces
 26705 | D:13     | Received a gift from Sif Muna
 26923 | D:12     | Reached skill level 8 in Summonings
 27817 | D:13     | Paralysed by an orc sorcerer for 5 turns
 28333 | D:13     | Found a gate to the Vaults.
 29215 | D:14     | Noticed Nessos
 29233 | D:14     | Killed Nessos
 29465 | D:14     | Noticed Frances
 29475 | D:14     | Killed Frances
 29843 | D:14     | Reached skill level 9 in Summonings
 30350 | D:15     | Entered Level 15 of the Dungeon
 30481 | D:15     | Found an ancient bone altar of Kikubaaqudgha.
 31000 | D:15     | Reached XP level 16. HP: 126/126 MP: 29/29
 31012 | D:15     | Found a staircase to the Depths.
 31105 | D:15     | Noticed Pionit's ghost (journeyman GrEE)
 31108 | D:15     | Found a runed translucent door.
 31119 | D:15     | Got the Reference Book on Evil and the Jaunt
 31621 | Orc:1    | Entered Level 1 of the Orcish Mines
 31634 | Orc:1    | Noticed Sonja
 31691 | Orc:1    | Sonja changed into Sonja the lindwurm
 31691 | Orc:1    | Noticed Sonja
 31708 | Orc:1    | Killed Sonja the lindwurm
 31708 | Orc:1    | Noticed Fannar
 31735 | Orc:1    | Killed Fannar
 32176 | Orc:2    | Entered Level 2 of the Orcish Mines
 32433 | Orc:2    | Received a gift from Sif Muna
 32459 | Orc:2    | Got Sif Muna's Gnosis and You {god gift}
 32560 | Orc:2    | Found Qaodacsuo's Antique Armour Emporium.
 32604 | Orc:2    | Reached skill level 10 in Summonings
 32738 | Orc:2    | Reached skill level 10 in Spellcasting
 33176 | Orc:2    | Found a staircase to the Elven Halls.
 33574 | Orc:2    | Found Opyw's Jewellery Shoppe.
 33586 | Orc:2    | Found Pisoemok's Distillery.
 33598 | Orc:2    | Found Cur Niu's Antique Armour Emporium.
 33602 | Orc:2    | Bought a potion of cancellation for 112 gold pieces
 33789 | Orc:2    | Learned a level 6 spell: Death Channel
 33992 | Snake:1  | Entered Level 1 of the Snake Pit
 34727 | Snake:1  | Identified the +5 shortbow of Eternal War {drain, Will++
                  | Dex+4}
 34787 | Snake:1  | Found Quhimu's Book Shoppe.
 34789 | Snake:1  | Found Exuklest's Jewellery Shop.
 34790 | Snake:1  | Found Ymmaoc's Book Shoppe.
 34938 | Snake:1  | Reached skill level 11 in Summonings
 34977 | Snake:1  | Noticed a nagaraja
 35002 | Snake:1  | Killed a nagaraja
 35358 | Snake:1  | Found an iron altar of Okawaru.
 36958 | Snake:2  | Reached skill level 12 in Summonings
 37056 | Snake:2  | Reached XP level 17. HP: 129/133 MP: 32/32
 37195 | Snake:2  | Received a gift from Sif Muna
 37205 | Snake:2  | Got Sif Muna's Verses on Destructive Snow {god gift}
 37303 | Snake:2  | Reached skill level 13 in Summonings
 37667 | Snake:3  | Noticed Mara
 37909 | Snake:2  | Mara changed into Mara the wendigo
 37909 | Snake:2  | Noticed Mara
 37914 | Snake:2  | Killed Mara the wendigo
 38235 | Snake:3  | Reached skill level 14 in Summonings
 38982 | Snake:3  | Reached skill level 15 in Summonings
 39256 | Snake:3  | Learned a level 7 spell: Monstrous Menagerie
 39579 | Snake:4  | Entered Level 4 of the Snake Pit
 39684 | Snake:4  | Noticed Vashnia
 40361 | Snake:4  | Killed Vashnia
 40680 | Snake:4  | Identified the serpent talisman of Qyib {rF+ Str+6 Dex-3
                  | Slay-2}
 40680 | Snake:4  | Noticed Aizul
 41170 | Snake:4  | Found a transporter.
 41248 | Snake:4  | Killed Aizul
 41445 | Snake:4  | Found a transporter.
 41466 | Snake:4  | Found a transporter.
 41466 | Snake:4  | Found a transporter.
 41473 | Snake:4  | Noticed Louise
 41493 | Abyss:2  | Cast into level 2 of the Abyss (Louise)
 41518 | Abyss:2  | Noticed a tentacled starspawn
 41573 | Abyss:2  | Received a gift from Sif Muna
 41574 | Abyss:2  | Got Sif Muna's Excursus on the Arenous Band {god gift}
 41681 | Abyss:2  | Noticed a lich
 41709 | Abyss:2  | Noticed a bone dragon
 41740 | Abyss:2  | Gained mutation: Your spells are a little easier to cast,
                  | but a little less powerful. [a cacodemon]
 41749 | Abyss:2  | Reached skill level 5 in Invocations
 41756 | Abyss:2  | Noticed a tentacled starspawn
 41854 | Abyss:2  | Reached XP level 18. HP: 129/140 MP: 22/33
 41930 | Abyss:3  | Noticed a bone dragon
 41932 | Abyss:3  | Found a corrupted altar of Lugonu.
 41952 | Abyss:3  | Killed a bone dragon
 41968 | Abyss:3  | Found a corrupted altar of Lugonu.
 42023 | Snake:4  | Escaped the Abyss
 42036 | Snake:4  | Killed Louise
 42050 | Snake:4  | Lost mutation: You are partially covered in iridescent
                  | scales. (AC +2) [potion of mutation]
 42050 | Snake:4  | Lost mutation: Your spells are a little easier to cast, but
                  | a little less powerful. [potion of mutation]
 42050 | Snake:4  | Lost mutation: You occasionally shout uncontrollably at
                  | your foes. [potion of mutation]
 42050 | Snake:4  | Gained mutation: You have a pair of small horns on your
                  | head. [potion of mutation]
 42298 | Snake:4  | Reached skill level 1 in Shields
 42694 | D:12     | Found a runed translucent gate.
 42694 | D:12     | Found a runed translucent gate.
 42697 | D:12     | Found a runed translucent gate.
 42697 | D:12     | Noticed Cooqonn's ghost (journeyman DsVM)
 42731 | D:12     | Lost mutation: You have a pair of small horns on your head.
                  | [potion of mutation]
 42731 | D:12     | Gained mutation: You are frail. (-10% HP) [potion of
                  | mutation]
 42731 | D:12     | Gained mutation: You are somewhat resistant to further
                  | mutation. [potion of mutation]
 42825 | D:12     | Received a gift from Sif Muna
 42829 | D:12     | Killed Cooqonn's ghost
 43079 | D:12     | Lost mutation: You are frail. (-10% HP) [potion of
                  | mutation]
 43079 | D:12     | Lost mutation: You are somewhat resistant to further
                  | mutation. [potion of mutation]
 43079 | D:12     | Gained mutation: You occasionally lose the ability to drink
                  | potions when taking damage. [potion of mutation]
 43079 | D:12     | Gained mutation: You are partially covered in iridescent
                  | scales. (AC +2) [potion of mutation]
 43079 | D:12     | Gained mutation: You are somewhat resistant to further
                  | mutation. [potion of mutation]
 43080 | D:12     | Lost mutation: You are partially covered in iridescent
                  | scales. (AC +2) [potion of mutation]
 43080 | D:12     | Lost mutation: You are somewhat resistant to further
                  | mutation. [potion of mutation]
 43080 | D:12     | Gained mutation: You expend magic power (3 MP) to
                  | strengthen your wands. [potion of mutation]
 43080 | D:12     | Gained mutation: You are frail. (-10% HP) [potion of
                  | mutation]
 43080 | D:12     | Gained mutation: Your system is resistant to poisons.
                  | (rPois) [potion of mutation]
 43080 | D:12     | Gained mutation: You are somewhat resistant to further
                  | mutation. [potion of mutation]
 43081 | D:12     | Lost mutation: You occasionally lose the ability to drink
                  | potions when taking damage. [potion of mutation]
 43081 | D:12     | Lost mutation: Your system is resistant to poisons. (rPois)
                  | [potion of mutation]
 43081 | D:12     | Gained mutation: You passively map a small area around you.
                  | [potion of mutation]
 43320 | Snake:4  | Reached skill level 16 in Summonings
 43652 | Snake:4  | Found a transporter.
 43653 | Snake:4  | Found a transporter.
 44029 | Snake:4  | Reached skill level 5 in Shields
 44497 | Snake:4  | Got a serpentine rune of Zot
 44712 | Shoals:1 | Entered Level 1 of the Shoals
 44947 | Shoals:1 | Received a gift from Sif Muna
 44950 | Shoals:1 | Got Tinuk's Catalogue of Therianthropy and the Jinx {god
                  | gift}
 45556 | D:13     | Bought a +0 buckler of protection for 195 gold pieces
 45738 | Shoals:2 | Noticed Polyphemus
 45771 | Shoals:1 | Killed Polyphemus
 45776 | Shoals:1 | Reached skill level 17 in Summonings
 46258 | Shoals:2 | You fall into a shaft and drop 1 floor!
 47041 | Shoals:2 | Noticed Ilsuiw
 47323 | Shoals:2 | Reached XP level 19. HP: 94/131 MP: 23/34
 47432 | Shoals:2 | Killed Ilsuiw
 47438 | Shoals:2 | Reached skill level 10 in Shields
 47503 | Shoals:2 | Found Pagg's Merfolk Armours.
 47508 | Shoals:2 | Found Pagg's Merfolk Magic.
 47732 | Shoals:2 | Bought a scroll of teleportation for 300 gold pieces
 47770 | Shoals:2 | Bought a ring of willpower for 300 gold pieces
 47770 | Shoals:2 | Bought a phial of floods for 480 gold pieces
 47996 | Shoals:2 | Found Meywautu's Gadget Gallery.
 48558 | Shoals:3 | Found Viang's Assorted Antiques.
 48561 | Shoals:3 | Bought an ancient granite ring for 160 gold pieces
 48561 | Shoals:3 | Identified the ring of Disaster {rCorr Int-5 Dex+3 Stlth+}
                  | (You bought it in a shop on level 3 of the Shoals)
 48562 | Shoals:3 | Bought a warped tin amulet for 160 gold pieces
 48562 | Shoals:3 | Identified the amulet "Rakops" {Reflect *Slow Fragile Str+8
                  | Dex+3 SH+5} (You bought it in a shop on level 3 of the
                  | Shoals)
 49290 | Shoals:4 | Entered Level 4 of the Shoals
 51500 | Shoals:4 | Received a gift from Sif Muna
 51509 | Shoals:4 | Got Sif Muna's Papyrus of Destined Force {god gift}
 51732 | Shoals:4 | Identified the +8 trident of Wineoz {flame, Str+3}
 51920 | Shoals:4 | Identified the +5 chain mail of the Teaching Gods {Drain
                  | +Blink rF- Dex+5}
 51924 | Shoals:4 | Identified the ring of Keublan {Drain AC+4 Str+5}
 51970 | Shoals:4 | Paralysed by a sphinx for 5 turns
 51999 | Shoals:4 | Got a barnacled rune of Zot
 52775 | Vaults:1 | Entered Level 1 of the Vaults
 53304 | Vaults:1 | Reached XP level 20. HP: 114/142 MP: 8/36
 53844 | Snake:1  | Bought a book of Death for 484 gold pieces
 54336 | Shoals:3 | Bought a potion of mutation for 256 gold pieces
 54336 | Shoals:3 | Lost mutation: You are frail. (-10% HP) [potion of
                  | mutation]
 54336 | Shoals:3 | Lost mutation: You are somewhat resistant to further
                  | mutation. [potion of mutation]
 54336 | Shoals:3 | Lost mutation: You passively map a small area around you.
                  | [potion of mutation]
 54336 | Shoals:3 | Gained mutation: You are clumsy. (Dex -2) [potion of
                  | mutation]
 55415 | Vaults:1 | Identified the ring of Gin Mehys {Ice rPois MP+9}
 55683 | Vaults:2 | Received a gift from Sif Muna
 55686 | Vaults:2 | Got Sif Muna's Directory of the Iceberg and Geology {god
                  | gift}
 57111 | Vaults:2 | Found a staircase to the Crypt.
 57111 | Vaults:2 | Found a basalt altar of Yredelemnul.
 57112 | Vaults:2 | Found an ancient bone altar of Kikubaaqudgha.
 57874 | Vaults:2 | Received a gift from Sif Muna
 57878 | Vaults:2 | Got Wato's Meditations on the Cumulonimbus {god gift}
 58415 | Vaults:2 | Found Xomuimm's Magic Scroll Emporium.
 58420 | Vaults:2 | Bought a scroll of teleportation for 39 gold pieces
 58420 | Vaults:2 | Bought a scroll of teleportation for 39 gold pieces
 58420 | Vaults:2 | Bought a scroll of blinking for 97 gold pieces
 58420 | Vaults:2 | Bought a scroll of enchant armour for 97 gold pieces
 58493 | Vaults:2 | Paralysed by a sphinx for 5 turns
 59176 | Vaults:3 | Reached XP level 21. HP: 165/165 MP: 26/39
 59340 | Vaults:3 | HP: 2/165 [ironbound thunderhulk/bolt of lightning (40)]
 59340 | Vaults:3 | Shot with a bolt by a yaktaur captain

Illustrated notes

Levels and vault maps discovered:
D:1:      orjb1_lava_funnel, layout_basic,
          shapermc_ecumenical_altar_starsandcircs
D:2:      layout_basic, basic_altar, minmay_tromino_mix6
D:3:      layout_basic, nicolae_ru_awakened_eye
D:4:      layout_gridville, minmay_temple_entry_arrows,
          nicolae_inconvenience_store, kennysheep_generic_room_9,
          uniq_eustachio, uniq_blork_the_orc
D:5:      layout_basic, jmf_multi_god_temple,
          mainiacjoe_sewer_entry_somewhere_in_here_1, uniq_sigmund,
          uniq_menkaure
D:6:      layout_gridville, grunt_ministairs_6, uniq_jeremiah
D:7:      layout_basic, glass_columns_a, minivault_19, minivault_26,
          minmay_misc_feat_secret_circle, uniq_pikel, uniq_maggie, uniq_joseph
D:8:      layout_cave_pools, mainiacjoe_overflow_boulevard,
          hellmonk_lair_entry_icy, enter_bailey_3, eino_jars
D:9:      cheibrodos_ideogram_h, layout_stronghold, uniq_erolcha
D:10:     layout_loops_ring, gammafunk_temple_overflow_wave, uniq_lodul,
          uniq_nergalle
D:11:     layout_cave_pools, orc_0_dummy
D:12:     kennysheep_funnel, layout_stronghold,
          ploomutoo_gammafunk_ghost_potion_laboratory
D:13:     layout_rooms, grunt_vaults_entry_fortified, serial_shops, shop
D:14:     layout_irregular_city, kennysheep_big_empty_room, uniq_frances,
          uniq_kirke, uniq_nessos
D:15:     grunt_enter_depths_magical_seal, layout_loops_ring,
          nicolae_kikubaaqudgha_miasma_corner, hellmonk_ghost_happy_afterlife,
          kennysheep_two_boxes
Lair:1:   layout_small_grid, lemuel_fruit_tree
Lair:2:   layout_misc_corridors, st_stairs_5, serial_bayou_pond_c
Lair:3:   layout_long_grid, elwin_shoals_entry_stream,
          alex1729_snake_entry_snake, grunt_forest_large_clearings
Lair:4:   layout_regular_city, ebering_ghost_rock_garden
Lair:5:   minmay_lair_end_enchanted_forest, layout_loops_ring,
          dpeg_slime_entry_enclosed, grunt_megastairs_1, uniq_rupert
Shoals:1: layout_shoals
Shoals:2: nicolae_shoals_mermall, layout_shoals, nicolae_shop_gadgets,
          uniq_ilsuiw, uniq_polyphemus
Shoals:3: layout_shoals, serial_shops, nicolae_shop_real_fake_doors,
          nicolae_shoals_goliath_grotto
Shoals:4: shoals_end_hellmonk_lost_city
Snake:1:  nicolae_snake_shooting_gallery, layout_onion, basic_altar,
          minmay_shop_grove
Snake:2:  layout_honeycomb
Snake:3:  layout_grid_shapes, uniq_mara
Snake:4:  snake_pit, layout_gridlike, serial_nicolae_subway,
          nicolae_sub_station_metal, nicolae_sub_station_crystal,
          nicolae_sub_station_stone, grunt_megastairs_2, uniq_aizul,
          uniq_vashnia, uniq_louise
Orc:1:    layout_caves, basic_altar, uniq_fannar, uniq_sonja
Orc:2:    st_orc_open, layout_diamond_mine, nicolae_orc_bridge_out
Vaults:1: nicolae_vaults_trapezoid_layered, nicolae_vaults_network_star,
          nicolae_vaults_mini_display_case, nicolae_vaults_more_shelving_1,
          hangedman_vaults_restitches, nicolae_vaults_sesquioval_fish,
          vaults_room_corners, layout_vaults_quadrants
Vaults:2: minmay_crypt_entry_necro_gods, nicolae_vaults_trapezoid_3,
          hangedman_vaults_stream, nicolae_vaults_two_Ls, ontoclasm_vaults_eye,
          nicolae_vaults_network_s, hangedman_vaults_restitches, v_misc_30,
          nicolae_vaults_yaktaur_gun_rack, nicolae_vaults_little_squares_3,
          nicolae_vaults_little_ls, layout_vaults_omnicross, serial_shops,
          nicolae_shop_just_a_little_nook
Vaults:3: gammafunk_ghost_grave, vaults_dpeg_hooks, dpeg_vaults_monster_box,
          v_pattern_2, nicolae_vaults_door_testing_chamber, vaults_room_hallway,
          nicolae_vaults_house_3, st_cells, nicolae_vaults_double_plus_1,
          layout_vaults_big_room

Skill      XL: |  1  2  3  4  5  6  7  8  9 10 11 12 13 14 15 16 17 18 19 20 |
---------------+-------------------------------------------------------------+-----
Stealth        | 2 |  2.0
Fighting       | 1 2 4 6 8 10 11 12 13 14 | 14.0
Necromancy     | 4 5 6 7 10 12 | 12.7
Dodging        | 3 4 5 6 10 11 14 | 14.0
Spellcasting   | 3 4 5 6 7 9 11 12 14 | 14.4
Short Blades   | 1 3 4 6 10 11 12 14 | 14.0
Evocations     | 3 4 6 |  6.0
Earth Magic    | 1 8 10 | 10.0
Summonings     | 3 7 9 12 15 17 | 17.0
Conjurations   | 3 6 8 9 |  9.7
Ice Magic      | 8 |  8.0
Invocations    | 4 5 6 |  6.0
Shields        | 9 14 | 14.0

Action                     |  1- 3 |  4- 6 |  7- 9 | 10-12 | 13-15 | 16-18 | 19-21 || total
---------------------------+-------+-------+-------+-------+-------+-------+-------++-------
  Melee: Club              |     6 |       |       |       |       |       |       ||     6
         Short sword       |     2 |    25 |   256 |   630 |       |       |       ||   913
         Punch             |       |     1 |     6 |    16 |    55 |    80 |       ||   158
         Quick blade       |       |       |       |   138 |  3374 |  3950 |  2571 || 10033
         Headbutt          |       |       |       |       |       |    57 |       ||    57
  Throw: Dart              |       |       |     1 |     9 |       |       |     6 ||    16
   Cast: Necrotise         |    79 |    72 |   114 |    78 |     4 |       |       ||   347
         Vampiric Draining |       |     6 |    33 |    71 |    67 |    10 |       ||   187
         Borgnjor's Vile C |       |       |       |    70 |    77 |    33 |       ||   180
         Ozocubu's Armour  |       |       |       |       |    24 |     1 |     1 ||    26
         Leda's Liquefacti |       |       |       |       |     1 |     1 |     2 ||     4
         Agony             |       |       |       |       |     1 |     1 |       ||     2
         Monstrous Menager |       |       |       |       |       |   101 |   154 ||   255
         Death Channel     |       |       |       |       |       |       |     2 ||     2
 Invoke: Channel Magic     |       |       |       |       |       |     1 |     3 ||     4
Ability: Hop               |     2 |     2 |     2 |     4 |    10 |     9 |    12 ||    41
  Evoke: Wand              |       |       |     6 |    24 |    12 |    15 |    21 ||    78
         Tin of tremorston |       |       |       |       |       |     2 |     2 ||     4
         Phial of floods   |       |       |       |       |       |       |     1 ||     1
    Use: Potion            |     1 |       |       |     4 |     3 |     8 |    15 ||    31
         Scroll            |       |     2 |    11 |    12 |    17 |    10 |    18 ||    70
   Stab: Sleeping          |       |       |       |     5 |     6 |     1 |       ||    12
         Paralysed         |       |       |       |     4 |     5 |    15 |    21 ||    45
         Distracted        |       |       |       |       |     1 |    24 |    37 ||    62
         Confused          |       |       |       |       |       |    48 |    47 ||    95
         Held in net/web   |       |       |       |       |       |     3 |     2 ||     5
         Petrifying        |       |       |       |       |       |    21 |    14 ||    35
         Petrified         |       |       |       |       |       |     6 |     1 ||     7
 Armour: Robe              |    21 |    26 |   171 |    12 |       |       |       ||   230
         Steam dragon scal |       |       |       |   499 |   709 |   792 |   222 ||  2222
         Troll leather arm |       |       |       |       |       |       |   404 ||   404
  Dodge: Dodged            |     9 |    29 |   214 |   692 |  1803 |  1974 |   926 ||  5647
  Block: Buckler           |       |       |       |       |       |    78 |   126 ||   204
         Kite shield       |       |       |       |       |       |       |   825 ||   825

Table legend: (Time is in decaauts)
 A = Elapsed time spent in this place.
 B = Non-inter-level travel time spent in this place.
 C = Inter-level travel time spent in this place.
 D = Time resting spent in this place.
 E = Time spent auto-exploring this place.
 F = Levels seen in this place.
 G = Mean time per level.
                   A        B        C        D        E       F      G
               +--------+--------+--------+--------+--------+-----+--------+
         Total |  62868 |  57398 |   5470 |  21244 |  20945 |  37 | 1699.1 |
       Dungeon |  28223 |  25238 |   2985 |   9349 |   9933 |  15 | 1881.5 |
          Lair |   8346 |   7297 |   1049 |   2087 |   3565 |   5 | 1669.2 |
        Shoals |   7895 |   7428 |    467 |   3417 |   1950 |   4 | 1973.8 |
     Snake Pit |   9111 |   8535 |    576 |   4124 |   2110 |   4 | 2277.8 |
  Orcish Mines |   2131 |   2032 |     99 |    354 |   1028 |   2 | 1065.5 |
        Vaults |   5617 |   5326 |    291 |   1781 |   1998 |   3 | 1872.3 |
         Abyss |    509 |    509 |      0 |      0 |      0 |   2 |  254.5 |
         Sewer |    626 |    626 |      0 |    101 |    251 |   1 |  626.0 |
        Bailey |    408 |    408 |      0 |     28 |    107 |   1 |  408.0 |
               +--------+--------+--------+--------+--------+-----+--------+

Top non-repeatable levels by time:
    D:12: 4624 daAuts
Shoals:3: 3069 daAuts
Vaults:2: 3051 daAuts
     D:9: 2974 daAuts
 Snake:3: 2801 daAuts
    D:10: 2492 daAuts
 Snake:2: 2391 daAuts
Vaults:1: 2345 daAuts
  Lair:3: 2276 daAuts
    D:13: 2171 daAuts
     D:4: 2129 daAuts
 Snake:4: 2062 daAuts
  Lair:5: 1905 daAuts
Shoals:4: 1861 daAuts
 Snake:1: 1855 daAuts
